 Dungeon Crawl Stone Soup version 0.18-a0-19-g8b99b3a (webtiles) character file.

114 Duffy the Stinger (level 4, -5/40 HPs)
             Began as a Naga Venom Mage on Nov 1, 2015.
             Killed from afar by an orc (25 damage)
             ... with a wand of lightning
             ... on level 3 of the Dungeon.
             The game lasted 00:04:20 (2764 turns).

Duffy the Stinger (Naga Venom Mage)                 Turns: 2764, Time: 00:04:21

Health: -5/40      AC:  2    Str: 10    XL:     4   Next: 97%
Magic:  7/8        EV: 10    Int: 15    God:
Gold:   63         SH:  0    Dex: 13    Spells: 3 memorised, 3 levels left

rFire  . . .     SeeInvis +     (no weapon)
rCold  . . .     Clarity  .     a - +0 robe
rNeg   . . .     SustAt   .     (no shield)
rPois  +         Gourm    .     (no helmet)
rElec  .         Spirit   .     (no cloak)
rCorr  .         Warding  .     (no gloves)
rMut   .         Stasis   .     (no barding)
MR     .....                    (no amulet)
Stlth  ++........               (no ring)
                                (no ring)

@: short of breath, very slow, not resistant to hostile enchantments, unstealthy
A: see invisible, deformed body, poison resistance, slowness 2, slow metabolism
1, spit poison 2, AC +1
a: Spit Poison


You were on level 3 of the Dungeon.
You were not hungry.

You visited 1 branch of the dungeon, and saw 3 of its levels.

You collected 63 gold pieces.


Innate Abilities, Weirdness & Mutations

You cannot wear boots.
Your serpentine skin is tough (AC +1).
You have supernaturally acute eyesight.
Armour fits poorly on your strangely shaped body.
Your system is resistant to poisons.
You cover ground very slowly.
You have a slow metabolism.
You can spit poison.


   Skills:
 + Level 2.9 Fighting
 - Level 1.5 Dodging
 - Level 3.0 Stealth
 - Level 3.0 Spellcasting
 - Level 6.0 Poison Magic


You had 3 spell levels left.
You knew the following spells:

 Your Spells              Type           Power        Failure   Level  Hunger
a - Sting                 Conj/Pois      ##..         8%          1    #......
c - Mephitic Cloud        Conj/Pois/Air  #.......     30%         3    ###....
e - Cure Poison           Pois           ###.......   2%          2    ##.....

Inventory:

Missiles
 l - 49 stones (quivered)
 q - a throwing net
Armour
 a - a +0 robe (worn)
 w - a cursed +0 leather armour
Scrolls
 d - a scroll of noise {unknown}
 f - a scroll of teleportation {unknown}
 g - 2 scrolls of random uselessness {unknown}
 h - 2 scrolls of fear {unknown}
 j - a scroll of remove curse {unknown}
 k - a scroll of recharging {unknown}
 m - a scroll of blinking {unknown}
 p - 2 scrolls of magic mapping {unknown}
 u - a scroll of enchant armour {unknown}
 v - a scroll of identify
Potions
 e - a potion of invisibility
 i - a potion of might
 n - a potion of curing
 r - a potion of haste {unknown}
 s - a potion of poison {unknown}
Books
 b - a Young Poisoner's Handbook
Comestibles
 c - 2 bread rations
 o - a meat ration

Dungeon Overview and Level Annotations

Branches:
Dungeon (3/15)

Altars:


Message History

Your magical contamination has completely faded away.
Magic restored.
HP restored.
Done exploring.
There is a stone staircase leading down here.
You climb downwards.
The rat bites you.
There is a stone staircase leading up here.
Cast which spell? (? or * to list)
Aiming: Sting
Press: ? - help, Shift-Dir - straight line, f - rat
Aim: a rat The sting hits the rat.
The rat is poisoned.
You kill the rat!
You start resting.
Eating a chunk of flesh.
This raw flesh tastes terrible.
Magic restored.
You continue eating. x2
You start resting.
HP restored.
Cast which spell? (? or * to list)
You can't see any susceptible monsters within range! (Use Z to cast anyway.) Cast which spell? (? or * to list)
Aiming: Sting
Press: ? - help, Shift-Dir - straight line, f - orc
Aim: an orc, wearing a pearl ring (hasn't noticed you)
The sting hits the orc.
The orc is heavily wounded.
The orc zaps a wand.
The bolt of lightning hits you!
Ouch! That really hurt!
It is a wand of lightning.
The orc zaps a wand.
The bolt of lightning misses you.
Press: ? - help, Shift-Dir - straight line, f/p - orc
Aim: an orc, wearing a pearl ring and carrying a wand of lightning {zapped: 2} (heavily wounded)
The splash of poison misses the orc.
You feel slightly more hungry.
The orc zaps a wand.
The bolt of lightning hits you!
Ouch! That really hurt!
You die...

#...#.#......... .#
#.....#......... ...
###..##...........
...####....##...........
.....#..#.#.............
....†.....<.#..........<
#........##........[...
##.......)>............
#..###@..#...........##
#.##....>........#.####
#o.....................
...=.%#..#........#.#....
.........##.........#....
......####..........#....
..>..# .................
..... ....##......##....
.... ##### ##.....# ...


You could see an orc.

Action                   |  1- 3 |  4- 6 || total
-------------------------+-------+-------++-------
 Cast: Sting             |    66 |    34 ||   100
 Abil: Spit Poison       |    22 |    11 ||    33
  Use: Scroll            |       |     3 ||     3
  Eat: Chunk             |     4 |     3 ||     7

Notes
Turn   | Place    | Note
--------------------------------------------------------------
     0 | D:1      | Duffy the Naga Venom Mage began the quest for the Orb.
     0 | D:1      | Reached XP level 1. HP: 15/15 MP: 3/3
    36 | D:2      | Reached XP level 2. HP: 14/22 MP: 0/5
   720 | D:1      | Reached XP level 3. HP: 28/28 MP: 2/7
   941 | D:1      | Reached skill level 6 in Poison Magic
  1546 | D:2      | Reached skill level 3 in Spellcasting
  1651 | D:2      | Learned a level 2 spell: Cure Poison
  1655 | D:2      | Learned a level 3 spell: Mephitic Cloud
  1888 | D:2      | Reached skill level 1 in Fighting
  1960 | D:2      | Reached XP level 4. HP: 38/38 MP: 4/8
  2320 | D:2      | Reached skill level 2 in Fighting
  2764 | D:3      | Killed from afar by an orc

Vault maps used:
D:1:      dpeg_arrival_pits
D:3:      first_bread, okawaru_trees_2

Vanquished Creatures
  An orc wizard
  3 adders
  An ooze
  A worm
  2 giant geckos
  3 giant cockroaches
  3 goblins
  5 hobgoblins
  13 kobolds
  A ball python
  11 bats
  3 giant newts
  A quokka
  9 rats
57 creatures vanquished.
